 Dungeon Crawl Stone Soup version 0.26.1-11-gd32895ea62 (webtiles) character file.

Game seed: 2274221643104880804

281888 Ijustatesigmund the Severer (level 20, -17/189 HPs)
             Began as a Hill Orc Fighter on May 21, 2021.
             Was the Champion of Cheibriados.
             Demolished by a spriggan berserker
             ... wielding a +0 war axe
             ... led by a spriggan defender
              (33 damage)
             ... on level 4 of the Depths.
             The game lasted 01:26:14 (33398 turns).

Ijustatesigmund the Severer (Hill Orc Fighter)     Turns: 33398, Time: 01:26:15

Health: -17/189    AC: 24    Str: 44    XL:     20   Next: 92%
Magic:  39/39      EV: 24    Int: 28    God:    Cheibriados [******]
Gold:   3071       SH: 19    Dex: 30    Spells: 27/28 levels left

rFire    + . .     SeeInvis .   P - +6 broad axe (drain)
rCold    + + +     Faith    .   c - +2 kite shield
rNeg     . . .     Spirit   .   T - +7 scale mail "Zuerr" {rF+ rC+++ Int+4 Stlth-}
rPois    +         Reflect  .   F - +2 helmet
rElec    +         Harm     .   z - scarf {repulsion}
rCorr    .         Rampage  .   v - +2 pair of gloves {Str+3}
Will     +....     Clarity  +   (no boots)
Stlth    ..........             f - amulet of regeneration
HPRegen  0.81/turn              W - ring "Naxzuh" {rElec rPois EV+4}
MPRegen  0.26/turn              w - ring of Zoxerot {+Fly MP+9 Str+4 Slay+5}

@: repel missiles, very slow
A: blink, clarity, low mp 1, screaming 1
}: 1/15 runes: gossamer
a: Blink, Renounce Religion, Evoke Flight, Bend Time, Temporal Distortion,
Slouch, Step From Time


You were on level 4 of the Depths.
You worshipped Cheibriados.
Cheibriados was exalted by your worship.
You visited 6 branches of the dungeon, and saw 32 of its levels.
You also visited: Trove, Bailey, Gauntlet and Ice Cave.

You collected 4940 gold pieces.
You spent 1869 gold pieces at shops.

Inventory:

Hand Weapons
 p - the +5 broad axe of Rilekir {drain, Str+6 Int+2}
   (You found it in a treasure trove)

   A truly terrible weapon, it drains the life of those it strikes.
   It affects your strength (+6).
   It affects your intelligence (+2).
 M - the +11 hand axe of Ogoda {flame, +Blink}
   (You found it in a treasure trove)

   It has been specially enchanted to burn those struck by it, causing extra
   injury to most foes and up to half again as much damage against particularly
   susceptible opponents.
   Big, fiery blades are also staple armaments of hydra-hunters.
   It lets you blink.
 P - a +6 broad axe of draining (weapon)
Missiles
 O - 31 silver javelins (quivered)
Armour
 c - a +2 kite shield (worn)
 n - a +1 cloak of willpower
 s - +0 fire dragon scales
 v - a +2 pair of gloves of strength (worn)
 z - a scarf of repulsion (worn)
 F - a +2 helmet (worn)
 R - the +8 ice dragon scales "Jegi" {rElec rF- rC++ Dex+4}
   (You found it on level 1 of the Depths)

   It affects your dexterity (+4).
   It makes you vulnerable to fire.
   It greatly protects you from cold.
   It insulates you from electricity.
 T - the +7 scale mail "Zuerr" (worn) {rF+ rC+++ Int+4 Stlth-}
   (You found it on level 1 of the Lair of Beasts)

   It affects your intelligence (+4).
   It protects you from fire.
   It renders you almost immune to cold.
   It makes you less stealthy.
Jewellery
 f - an amulet of regeneration (around neck)
 i - an uncursed ring of protection from fire
 w - the ring of Zoxerot (right hand) {+Fly MP+9 Str+4 Slay+5}
   (You found it in a Gauntlet)

   [ring of flight]

   It affects your strength (+4).
   It affects your accuracy and damage with ranged weapons and melee attacks
   (+5).
   It affects your magic capacity (+9).
   It lets you fly.
 A - an uncursed ring of positive energy
 H - an uncursed amulet of reflection
 S - an uncursed ring of positive energy
 W - the ring "Naxzuh" (left hand) {rElec rPois EV+4}
   (You found it on level 13 of the Dungeon)

   [ring of evasion]

   It affects your evasion (+4).
   It insulates you from electricity.
   It protects you from poison.
 Y - the ring "Edopoxzya" {+Blink rPois Str+4}
   (You took it off a spriggan on level 1 of the Lair of Beasts)

   [ring of poison resistance]

   It affects your strength (+4).
   It protects you from poison.
   It lets you blink.
Wands
 l - a wand of flame (69)
 r - a wand of acid (28)
 t - a wand of disintegration (21)
 y - a wand of iceblast (1)
 G - a wand of digging (5)
Scrolls
 a - a scroll of holy word
 b - 6 scrolls of summoning
 h - 2 scrolls of blinking
 j - 8 scrolls of amnesia
 o - 21 scrolls of teleportation
 q - 5 scrolls of immolation
 u - 11 scrolls of remove curse
 x - 4 scrolls of fear
 E - 8 scrolls of identify
 L - 5 scrolls of fog
 Z - a scroll of silence
Potions
 d - 4 potions of magic
 e - 5 potions of lignification
 g - 12 potions of curing
 k - 10 potions of heal wounds
 m - 3 potions of cancellation
 B - 5 potions of brilliance
 C - 11 potions of ambrosia
 D - 4 potions of flight
 I - 2 potions of mutation
 K - 2 potions of resistance
 N - 6 potions of invisibility
 V - 5 potions of might
 X - 8 potions of attraction
Miscellaneous
 Q - a condenser vane


   Skills:
 - Level 18.5 Fighting
 - Level 20.2 Axes
 - Level 14.7 Armour
 - Level 9.3 Dodging
 - Level 12.5 Shields
 - Level 4.8 Spellcasting
 + Level 12.2 Necromancy
 - Level 19.7 Invocations
 - Level 4.2 Evocations


You had 27 spell levels left.
You knew the following spells:

 Your Spells              Type           Power        Failure   Level
a - Animate Skeleton      Necr           100%         1%          1

Your spell library contained the following spells:

 Spells                   Type           Power        Failure   Level
 Corpse Rot               Necr/Air       N/A          1%          2
 Sublimation of Blood     Necr           33%          1%          2
 Dispel Undead            Necr           66%          1%          4
 Agony                    Necr           66%          2%          5
 Excruciating Wounds      Necr           33%          2%          5
 Apportation              Tloc           12%          14%         1
 Corona                   Hex            6%           14%         1
 Foxfire                  Conj/Fire      24%          14%         1
 Sandblast                Erth           12%          14%         1
 Sting                    Tmut/Pois      24%          14%         1
 Summon Small Mammal      Summ           24%          14%         1
 Blink                    Tloc           N/A          21%         2
 Call Imp                 Summ           6%           21%         2
 Ensorcelled Hibernation  Hex/Ice        12%          21%         2
 Poisonous Vapours        Pois/Air       12%          21%         2
 Call Canine Familiar     Summ           6%           38%         3
 Confusing Touch          Hex            6%           38%         3
 Conjure Flame            Conj/Fire      6%           38%         3
 Dazzling Flash           Conj/Hex       12%          38%         3
 Gell's Gravitas          Tloc           3%           38%         3
 Ignite Poison            Fire/Tmut/Pois 6%           38%         3
 Inner Flame              Hex/Fire       6%           38%         3
 Lesser Beckoning         Tloc           3%           38%         3
 Mephitic Cloud           Conj/Pois/Air  6%           38%         3
 Static Discharge         Conj/Air       6%           38%         3
 Summon Guardian Golem    Hex/Summ       6%           38%         3
 Teleport Other           Tloc           6%           38%         3
 Tukima's Dance           Hex            6%           38%         3
 Olgreb's Toxic Radiance  Pois           6%           80%         4
 Passage of Golubria      Tloc           N/A          80%         4
 Sticky Flame             Conj/Fire      6%           80%         4
 Summon Ice Beast         Ice/Summ       6%           80%         4
 Summon Lightning Spire   Summ/Air       6%           80%         4
 Alistair's Intoxication  Tmut/Pois      4%           98%         5
 Fireball                 Conj/Fire      3%           98%         5
 Lightning Bolt           Conj/Air       3%           98%         5
 Ignition                 Fire           3%           100%        8
 Shatter                  Erth           3%           100%        9
 Tornado                  Air            3%           100%        9


Dungeon Overview and Level Annotations

Branches:
Dungeon (15/15)            Temple (1/1) D:4            Lair (6/6) D:11
 Shoals (0/4) Lair:3       Spider (4/4) Lair:3        Slime (0/5) Lair:6
    Orc (2/2) D:12            Elf (0/3) Orc:2        Vaults (0/5) D:13
 Depths (4/5) D:15         Bailey (visited)           IceCv (visited)
Gauntlet (visited)

Altars:
Ashenzari
Cheibriados
Dithmenos
Elyvilon
Fedhas
Gozag
Hepliaklqana
Kikubaaqudgha
Makhleb
Nemelex Xobeh
Okawaru
Qazlal
Ru
Sif Muna
Trog
Uskayaw
Vehumet
Wu Jian
Xom
Yredelemnul
Zin
The Shining One
Beogh

Shops:
D:11 ?   D:15 [   Orc:2 *(*[   Depths:1 !!*!   Depths:4 =}=

Portals:
Hell: Depths:1 Depths:2
Abyss: Lair:1 Lair:5 Depths:1
Pandemonium: Depths:2 Depths:3
Ziggurat: Depths:3

Annotations:
Depths:3 8 runed translucent doors


Innate Abilities, Weirdness & Mutations

You can translocate small distances at will.
You possess an exceptional clarity of mind.
Your magical capacity is low. (-10% MP)
You occasionally shout uncontrollably at your foes.


Message History

The great orb of eyes barely misses you.
The spriggan berserker hits you with a +0 war axe!
* * * LOW HITPOINT WARNING * * *
The great orb of eyes bites you!
* * * LOW HITPOINT WARNING * * *
The spriggan berserker hits you but does no damage.
The great orb of eyes gazes at you. You resist with some effort.
A spark wasp comes into view.
The spriggan berserker hits you but does no damage.
You can move again.
The spark wasp buzzes angrily.
You hit the spriggan berserker.
The spriggan berserker is almost dead.
You hit the great orb of eyes. You drain the great orb of eyes.
The spark wasp bursts into living lightning!
The living lightning misses you.
The spark wasp blinks! x2
You block the great orb of eyes's attack.
The spriggan berserker hits you with a +0 war axe!!
You die...

###≈.§###≈.§ ≈≈≈§§§≈§≈§..
############ ......§...§#
#........... ≈≈≈§§≈ ≈≈.#
#........... #≈. #≈.§# #≈.##
#.....(..... #≈.≈ #≈.§# #§..#
#........... #§.≈###≈)≈###≈y.#
#........... ≈≈C≈≈§≈≈.≈§§≈G@.#
#........... ......)§.(§§)i(.#
##...........
≈≈.§§§§§§§§§≈≈.............)...
#≈§§###≈.§###≈.##########'.#[##
#≈. #≈.§# #≈.# #......))(((
#≈.≈###≈.≈###≈§# #...########
§.§≈≈§§.≈≈≈§≈.# #...#≈≈≈≈≈≈≈
§....§.§§..§§§#####...#≈≈≈≈≈≈≈
##.######.##......'...#E≈≈≈≈≈≈


You could see a great orb of eyes (drained), a spark wasp and a spriggan
berserker (berserk, drained).

Vanquished Creatures
  Mara (Spider:4)
  A lich (Depths:3)
  Rupert (D:14)
  Jorgrun (Spider:1)
  A sphinx (Depths:3)
  A shadow dragon (Depths:4)
  Donald (Spider:1)
  Kirke (Lair:3)
  The ghost of Taffoyto the Thaumaturge, an adept GnEE of Vehumet (Spider:3)
  5 fire giants
  Aizul (Spider:4)
  4 ghost moths (Spider:4)
  2 frost giants
  A balrug (Gauntlet)
  4 emperor scorpions
  Louise (Depths:1)
  The ghost of knorpule3000 the Covert, a journeyman HuMo of Fedhas (Lair:5)
  2 orc warlords
  A caustic shrike zombie (Depths:3)
  15 very ugly things
  2 spriggan defenders (Depths:4)
  14 stone giants
  Nessos (Lair:5)
  2 vampire knights (Depths:4)
  4 spark wasps
  2 entropy weavers
  The ghost of 95kv the Covert, a journeyman SpFE of Ashenzari (Orc:2)
  A minotaur (Gauntlet)
  8 fire dragons
  Snorg (Lair:3)
  A merfolk javelineer (Depths:1)
  10 ettins
  The ghost of boysha the Nimble, a journeyman OpDe of Uskayaw (Lair:1)
  2 yaktaur captains
  2 jiangshi (Depths:3)
  10 great orbs of eyes
  A merfolk impaler (Depths:1)
  5 ogre magi
  Erolcha (Orc:1)
  6 ice dragons
  A vault guard (D:14)
  7 hydras
  3 rakshasas
  2 spriggan air magi (Depths:4)
  3 boulder beetles
  5 centaur warriors
  Erica (Orc:1)
  A catoblepas (Lair:6)
  25 two-headed ogres
  2 dancing weapons (D:13)
  4 deep troll shamans
  4 tengu warriors
  4 death yaks (Lair:6)
  2 death knights
  A titan zombie (Depths:2)
  2 vampire magi
  4 deep troll earth magi
  3 spriggan berserkers
  A thrashing horror (Lair:1)
  A soul eater (Lair:1)
  8 orc high priests (Orc:2)
  Urug (Lair:3)
  5 iron trolls
  A titan skeleton (Depths:2)
  3 skeletal warriors (D:15)
  A flayed ghost (Depths:3)
  5 hell knights (Depths:1)
  12 deep trolls
  2 glowing orange brains (shapeshifter) (Depths:2)
  A glowing orange brain (Depths:1)
  3 wizards
  A tengu zombie (Depths:3)
  An unseen horror (D:12)
  7 necromancers
  An oklob plant (Lair:2)
  16 wolf spiders
  A tengu skeleton (Depths:3)
  5 orc knights
  19 orb spiders
  A deep elf mage (D:12)
  An iron dragon zombie (Depths:3)
  2 orc sorcerers (Orc:1)
  A salamander (Depths:3)
  3 manticores
  6 cyclopes
  43 ugly things
  A frost giant zombie (Depths:1)
  Maurice (Orc:2)
  3 frost giant skeletons
  4 moths of wrath
  A torpor snail (Spider:1)
  A black mamba (Lair:6)
  2 ice statues (IceCv)
  8 elephants
  A merfolk siren (Lair:3)
  A cane toad (shapeshifter) (Depths:1)
  22 cane toads
  A guardian serpent (shapeshifter) (D:15)
  3 gargoyles
  8 centaur skeletons
  11 demonic crawlers
  3 kobold demonologists
  A spriggan skeleton (Depths:2)
  2 efreet
  12 komodo dragons
  2 tengu conjurers (D:13)
  19 yaktaurs
  A redback zombie (D:15)
  An ancient zyme (Lair:5)
  2 rime drakes
  2 golden dragon simulacra (Depths:3)
  A queen bee (Lair:3)
  6 polar bears
  A merfolk (Lair:3)
  15 trolls
  32 jumping spiders
  3 raiju
  Prince Ribbit (D:8)
  23 hornets
  22 blink frogs
  A polar bear (shapeshifter) (Depths:3)
  6 slime creatures
  A spriggan zombie (Depths:1)
  4 tyrant leeches (Lair:6)
  Grinder (D:6)
  7 dream sheep (Lair:6)
  A spriggan (shapeshifter) (D:11)
  5 wraiths
  55 redbacks
  4 spriggans
  2 shadows
  24 tarantellas
  9 wyverns
  38 yaks
  3 basilisks
  A human (shapeshifter) (Depths:1)
  4 water elementals
  Grum (D:8)
  A basilisk (shapeshifter) (D:15)
  3 vampires
  A hog (shapeshifter) (D:13)
  6 hogs (Lair:3)
  16 vampire mosquitoes
  A steam dragon (Lair:5)
  5 wargs
  An acid dragon (D:11)
  3 soldier ants
  11 water moccasins
  A human skeleton (Depths:2)
  2 hell hounds (Gauntlet)
  4 black bears
  29 orc warriors
  2 phantoms (D:12)
  5 sky beasts
  11 ice beasts
  6 necrophages
  21 ogres
  18 wolves
  3 boggarts (Depths:4)
  A tengu (shapeshifter) (Depths:1)
  2 eyes of draining
  15 centaurs
  5 big kobolds
  29 bullfrogs
  2 gnoll sergeants
  A wyvern skeleton (D:13)
  7 scorpions
  A water moccasin skeleton (D:7)
  A troll zombie (D:12)
  16 killer bees
  22 wights
  7 howler monkeys
  9 electric eels
  A bullfrog zombie (D:10)
  3 centaur zombies
  A quasit (D:10)
  5 hounds
  18 orc wizards
  36 orc priests
  A bullfrog skeleton (D:12)
  3 jellies
  Crazy Yiuf (D:2)
  3 iguanas
  7 worker ants
  Terence (D:2)
  Ijyb (D:3)
  A killer bee zombie (D:9)
  5 ogre zombies (D:12)
  A hound zombie (D:11)
  A worker ant zombie (D:10)
  17 adders
  12 gnolls
  A shadow imp (D:7)
  15 white imps
  An ufetubus (D:7)
  An ooze (D:3)
  An adder skeleton (D:4)
  4 worms
  3 dart slugs
  3 leopard geckos
  107 orcs
  8 bats
  2 giant cockroaches
  4 goblins
  7 hobgoblins
  8 jackals
  11 kobolds
  2 quokkas
  2 ball pythons
  3 frilled lizards (D:1)
  A goblin skeleton (D:12)
  2 goblin zombies (D:12)
  2 hobgoblin skeletons (D:12)
  5 hobgoblin zombies (D:12)
  A leopard gecko skeleton (D:6)
  2 orc skeletons (D:12)
  7 orc zombies (D:12)
  6 rats
1326 creatures vanquished.

Vanquished Creatures (others)
  A lich (Depths:3)
  A wolf spider (Spider:1)
  An orc (Orc:1)
  2 kobolds (D:9)
  A demonic plant (Gauntlet)
  28 fungi
  58 plants
92 creatures vanquished.

Grand Total: 1418 creatures vanquished

Notes
Turn   | Place    | Note
-------+----------+-------------------------------------------
     0 | D:1      | Ijustatesigmund the Hill Orc Fighter began the quest for
                  | the Orb.
     0 | D:1      | Reached XP level 1. HP: 19/19 MP: 1/1
    76 | D:1      | Reached skill level 3 in Axes
    85 | D:1      | Reached XP level 2. HP: 22/26 MP: 2/2
   191 | D:1      | Reached skill level 4 in Axes
   474 | D:1      | Reached XP level 3. HP: 28/31 MP: 3/3
  1093 | D:2      | Reached skill level 5 in Axes
  1147 | D:2      | Noticed a centaur
  1156 | D:2      | Killed a centaur
  1157 | D:2      | Reached skill level 6 in Axes
  1157 | D:2      | Reached XP level 4. HP: 26/39 MP: 4/4
  1157 | D:2      | Reached XP level 5. HP: 30/45 MP: 5/5
  1374 | D:2      | Noticed Terence
  1479 | D:2      | Killed Terence
  1480 | D:2      | Reached skill level 7 in Axes
  1794 | D:2      | Found a runed translucent door.
  1795 | D:2      | Noticed Crazy Yiuf
  1801 | D:2      | Killed Crazy Yiuf
  2010 | D:2      | Found a broken altar of Ashenzari.
  2011 | D:2      | Found a stormy altar of Qazlal.
  2642 | D:3      | Found a sacrificial altar of Ru.
  2884 | D:3      | Reached skill level 8 in Axes
  2884 | D:3      | Reached XP level 6. HP: 36/52 MP: 6/6
  3103 | D:3      | Noticed Ijyb
  3106 | D:3      | Paralysed by Ijyb for 7 turns
  3125 | D:3      | Killed Ijyb
  3213 | D:3      | Found a hazy altar of Hepliaklqana.
  3285 | D:3      | Found a glowing silver altar of Zin.
  3434 | D:4      | You fall into a shaft and drop 3 floors!
  3633 | D:5      | Entered Level 5 of the Dungeon
  3650 | D:5      | Found a shimmering altar of Xom.
  3690 | D:5      | Reached skill level 5 in Fighting
  3773 | D:5      | Found an opulent altar of Gozag.
  3796 | D:5      | Reached XP level 7. HP: 60/61 MP: 7/7
  3858 | D:5      | Found a snail-covered altar of Cheibriados.
  3914 | D:5      | Reached skill level 9 in Axes
  4008 | D:5      | Found a shimmering blue altar of Sif Muna.
  4294 | D:6      | Noticed Grinder
  4298 | D:6      | Paralysed by Grinder for 4 turns
  4305 | D:6      | Paralysed by Grinder for 2 turns
  4312 | D:6      | Killed Grinder
  4786 | D:7      | Reached XP level 8. HP: 71/71 MP: 8/8
  4793 | D:7      | Gained mutation: Your magical capacity is low. (-10% MP)
                  | [potion of mutation]
  4793 | D:7      | Gained mutation: You can translocate small distances at
                  | will. [potion of mutation]
  4793 | D:7      | Gained mutation: You possess an exceptional clarity of
                  | mind. [potion of mutation]
  4828 | D:7      | Reached skill level 10 in Axes
  4876 | D:7      | Found a glowing golden altar of the Shining One.
  5065 | D:7      | Found an ancient bone altar of Kikubaaqudgha.
  5126 | D:7      | Noticed a hornet
  5131 | D:7      | Paralysed by a hornet for 1 turns
  5133 | D:7      | Paralysed by a hornet for 3 turns
  5138 | D:7      | Killed a hornet
  5507 | D:8      | Reached skill level 1 in Evocations
  5510 | D:8      | Reached skill level 1 in Dodging
  5597 | D:8      | Reached XP level 9. HP: 60/81 MP: 8/8
  5761 | D:8      | Got a jewelled scale mail
  5767 | D:8      | Identified the +6 scale mail of Death's Door {Str+2} (You
                  | found it on level 8 of the Dungeon)
  5783 | D:8      | Noticed a two-headed ogre
  5787 | D:8      | Reached skill level 11 in Axes
  5795 | D:8      | Killed a two-headed ogre
  6007 | D:8      | Noticed Grum
  6040 | D:8      | Killed Grum
  6041 | D:8      | Reached XP level 10. HP: 52/91 MP: 9/9
  6319 | D:8      | Noticed Prince Ribbit
  6329 | D:8      | Killed Prince Ribbit
  6362 | D:8      | Reached skill level 5 in Armour
  6362 | D:8      | Reached skill level 5 in Shields
  6668 | D:9      | Reached skill level 12 in Axes
  6821 | D:9      | Reached skill level 10 in Fighting
  6925 | D:9      | Noticed a deep troll
  6931 | D:9      | Killed a deep troll
  6934 | D:9      | Reached XP level 11. HP: 83/101 MP: 9/9
  6966 | D:9      | Noticed a deep troll
  6976 | D:9      | Killed a deep troll
  6977 | D:9      | Reached skill level 13 in Axes
  7015 | D:9      | Identified Sif Muna's Handbook of Clay and Intoxication
  7164 | D:9      | Noticed a two-headed ogre
  7172 | D:9      | Killed a two-headed ogre
  7906 | D:10     | Entered Level 10 of the Dungeon
  8383 | D:10     | Noticed a cyclops
  8386 | D:10     | Noticed a death knight
  8395 | D:10     | Killed a cyclops
  8415 | D:10     | Killed a death knight
  8536 | D:10     | Noticed a two-headed ogre
  8693 | D:10     | Reached skill level 14 in Axes
  8736 | D:10     | Killed a two-headed ogre
  8737 | D:10     | Reached XP level 12. HP: 69/112 MP: 10/10
  9218 | D:11     | Found a staircase to the Lair.
  9295 | D:11     | Found Fepla's Magic Scroll Shoppe.
  9346 | D:11     | Bought a scroll of fear for 56 gold pieces
  9346 | D:11     | Bought a scroll of blinking for 120 gold pieces
  9396 | D:11     | Noticed a two-headed ogre
  9397 | D:11     | Noticed a two-headed ogre
  9410 | D:11     | Killed a two-headed ogre
  9414 | D:11     | Killed a two-headed ogre
  9496 | D:11     | Noticed a boulder beetle
  9500 | D:11     | Identified the cursed +1 quarterstaff of Sin {vorpal, +Inv
                  | Str+4 Dex-3 Stlth+}
  9500 | D:11     | Noticed an ogre mage
  9509 | D:11     | Noticed a two-headed ogre
  9511 | D:11     | Killed an ogre mage
  9534 | D:11     | Killed a boulder beetle
  9538 | D:11     | Killed a two-headed ogre
  9899 | D:11     | Reached skill level 15 in Axes
  9899 | D:11     | Reached skill level 10 in Armour
  9899 | D:11     | Reached skill level 10 in Shields
 10500 | D:4      | Found a bloodstained altar of Trog.
 10639 | D:4      | Found a staircase to the Ecumenical Temple.
 10987 | D:4      | Found a white marble altar of Elyvilon.
 11111 | Temple   | Entered the Ecumenical Temple
 11370 | D:5      | Became a worshipper of Cheibriados the Contemplative
 11504 | D:12     | Paralysed by a hornet for 2 turns
 11513 | D:12     | Reached skill level 1 in Invocations
 11549 | D:12     | Found a gate leading to a gauntlet.
 11556 | Gauntlet | Entered a Gauntlet
 11556 | Gauntlet | Found a transporter.
 11556 | Gauntlet | Found a transporter.
 11556 | Gauntlet | Found a transporter.
 11561 | Gauntlet | Found a transporter.
 11581 | Gauntlet | Found a transporter.
 11581 | Gauntlet | Found a transporter.
 11597 | Gauntlet | Reached * piety under Cheibriados
 11599 | Gauntlet | Got a serpentine amber ring
 11600 | Gauntlet | Identified the ring of Zoxerot {+Fly MP+9 Str+4 Slay+5}
                  | (You found it in a Gauntlet)
 11607 | Gauntlet | Found a transporter.
 11607 | Gauntlet | Found a transporter.
 11616 | Gauntlet | Reached XP level 13. HP: 103/122 MP: 13/13
 11637 | Gauntlet | Noticed a balrug
 11667 | Gauntlet | Found the +4 dagger "Morg" {pain, Will+ Int+5}
 11676 | Gauntlet | Killed a balrug
 11685 | Gauntlet | Found a transporter.
 11764 | Gauntlet | Found a transporter.
 11802 | Gauntlet | Noticed a minotaur
 11812 | Gauntlet | Killed a minotaur
 11854 | D:12     | Found a flagged portal.
 11863 | Bailey   | Entered a bailey
 11896 | Bailey   | Reached skill level 5 in Invocations
 11906 | Bailey   | Reached skill level 5 in Dodging
 12078 | Bailey   | Reached ** piety under Cheibriados
 12293 | D:12     | Reached *** piety under Cheibriados
 12302 | D:12     | Found a staircase to the Orcish Mines.
 13086 | D:13     | Reached **** piety under Cheibriados
 13154 | D:13     | Found a gate to the Vaults.
 13468 | D:13     | Reached XP level 14. HP: 120/133 MP: 9/18
 13628 | D:13     | Got a coiled turquoise ring
 13929 | D:13     | Identified the ring "Naxzuh" {rElec rPois EV+4} (You found
                  | it on level 13 of the Dungeon)
 14018 | D:14     | Reached ***** piety under Cheibriados
 14122 | D:14     | Noticed Rupert
 14136 | D:14     | Killed Rupert
 14137 | D:14     | Reached skill level 15 in Fighting
 14285 | D:14     | Paralysed by a wizard for 5 turns
 14476 | D:14     | Reached skill level 10 in Invocations
 14808 | D:14     | Found a portal to a secret trove of treasure.
 14850 | D:15     | Entered Level 15 of the Dungeon
 15082 | D:15     | Found Kicwug's Armour Shoppe.
 15114 | D:15     | Bought +2 ice dragon scales for 936 gold pieces
 15220 | D:14     | You paid a toll of +4 ice dragon scales to enter a treasure
                  | trove
 15221 | Trove    | Entered a treasure trove
 15299 | Trove    | Got a jewelled broad axe
 15301 | Trove    | Got a bone hand axe
 15303 | Trove    | Identified the +11 hand axe of Ogoda {flame, +Blink} (You
                  | found it in a treasure trove)
 15305 | Trove    | Identified the +5 broad axe of Rilekir {drain, Str+6 Int+2}
                  | (You found it in a treasure trove)
 15346 | Trove    | Got an iridescent hand axe
 15349 | Trove    | Identified the cursed +0 hand axe "Blob" {vorpal, rC+} (You
                  | found it in a treasure trove)
 15503 | D:15     | Reached ****** piety under Cheibriados
 15635 | D:15     | Reached skill level 16 in Axes
 15857 | D:15     | Reached XP level 15. HP: 119/143 MP: 21/21
 16276 | D:15     | Found a staircase to the Depths.
 16647 | Lair:1   | Entered Level 1 of the Lair of Beasts
 17030 | Lair:1   | Noticed boysha's ghost (journeyman OpDe)
 17037 | Lair:1   | Found a transporter.
 17050 | Lair:1   | Identified the +7 scale mail "Zuerr" {rF+ rC+++ Int+4
                  | Stlth-} (You found it on level 1 of the Lair of Beasts)
 17064 | Lair:1   | Identified the +6 demon trident "Fiegodghu" {distort, Int+3
                  | Stlth+}
 17064 | Lair:1   | Identified the ring "Edopoxzya" {+Blink rPois Str+4}
 17110 | Lair:1   | Found a transporter.
 17272 | Lair:1   | Found a one-way gate to the infinite horrors of the Abyss.
 17421 | Lair:1   | Killed boysha's ghost
 18475 | Lair:3   | Noticed Snorg
 18481 | Lair:3   | Killed Snorg
 18522 | Lair:3   | You fall into a shaft and drop 3 floors!
 18522 | Lair:6   | Entered Level 6 of the Lair of Beasts
 18538 | Lair:6   | Reached skill level 17 in Axes
 18774 | Lair:4   | Reached XP level 16. HP: 154/154 MP: 23/23
 19083 | Lair:4   | Found a frozen archway.
 19101 | IceCv    | Entered an ice cave
 19116 | IceCv    | Found a transporter.
 19133 | IceCv    | Found a transporter.
 19796 | Lair:3   | Found a staircase to the Shoals.
 19862 | Lair:3   | Learned a level 1 spell: Animate Skeleton
 19996 | Lair:3   | Reached skill level 1 in Necromancy
 20302 | Lair:3   | Noticed Urug
 20313 | Lair:3   | Found a hole to the Spider Nest.
 20318 | Lair:3   | Killed Urug
 20792 | Lair:5   | Noticed Nessos
 20815 | Lair:5   | Killed Nessos
 20948 | Lair:5   | Found a transporter.
 20954 | Lair:5   | Found a transporter.
 20988 | Lair:5   | Noticed knorpule3000's ghost (journeyman HuMo)
 21004 | Lair:5   | Killed knorpule3000's ghost
 21733 | Lair:6   | Reached skill level 5 in Necromancy
 21830 | Lair:6   | Found a staircase to the Slime Pits.
 22565 | Orc:1    | Entered Level 1 of the Orcish Mines
 22573 | Orc:1    | Noticed Erica
 22581 | Orc:1    | Killed Erica
 22583 | Orc:1    | Noticed Erolcha
 22589 | Orc:1    | Killed Erolcha
 23076 | Orc:2    | Entered Level 2 of the Orcish Mines
 23180 | Orc:2    | Found a transporter.
 23180 | Orc:2    | Found a transporter.
 23183 | Orc:2    | Identified the +12 demon trident "Onoeff" {antimagic, +Inv
                  | Int+4}
 23188 | Orc:2    | Identified the +5 scimitar of the Water Diviner {antimagic,
                  | Str+4}
 23198 | Orc:2    | Noticed 95kv's ghost (journeyman SpFE)
 23202 | Orc:2    | Found a bloodstained altar of Trog.
 23223 | Orc:2    | Reached skill level 15 in Invocations
 23225 | Orc:2    | Killed 95kv's ghost
 23433 | Orc:2    | Noticed Maurice
 23440 | Orc:2    | Killed Maurice
 23589 | Orc:2    | Found Wymem's General Store.
 23620 | Orc:2    | Bought a scroll of enchant armour for 90 gold pieces
 23626 | Orc:2    | Found Jylu Fuo's Armour Boutique.
 23699 | Orc:2    | Bought a scarf of repulsion for 192 gold pieces
 23720 | Orc:2    | Found a roughly hewn altar of Beogh.
 23886 | Orc:2    | Found a staircase to the Elven Halls.
 24208 | Orc:2    | Found Pehanoss's Weapon Boutique.
 24215 | Orc:2    | Found Zeusk's Assorted Antiques.
 24229 | Orc:2    | Reached XP level 17. HP: 78/161 MP: 25/25
 24635 | Spider:1 | Entered Level 1 of the Spider Nest
 24635 | Spider:1 | Noticed Kirke
 24651 | Lair:3   | Killed Kirke
 24878 | Spider:1 | Noticed Donald
 24886 | Spider:1 | Killed Donald
 25344 | Spider:1 | Noticed Jorgrun
 25354 | Spider:1 | Killed Jorgrun
 25814 | Spider:2 | You fall into a shaft and drop 1 floor!
 26785 | Spider:3 | Found a large runed translucent door.
 26785 | Spider:3 | Found a large runed translucent door.
 26787 | Spider:3 | Noticed Taffoyto's ghost (adept GnEE)
 26802 | Spider:3 | Killed Taffoyto's ghost
 27516 | Spider:4 | Entered Level 4 of the Spider Nest
 28178 | Spider:4 | Reached XP level 18. HP: 172/172 MP: 27/27
 28560 | Spider:4 | Noticed Aizul
 28571 | Spider:4 | Killed Aizul
 28651 | Spider:4 | Noticed Mara
 28653 | Spider:4 | Noticed Ijustatesigmund's illusion
 28664 | Spider:4 | Killed Mara
 28956 | Spider:4 | Got a gossamer rune of Zot
 29392 | Depths:1 | Entered Level 1 of the Depths
 29520 | Depths:1 | Noticed Louise
 29533 | Depths:1 | Reached skill level 18 in Axes
 29549 | Depths:1 | Killed Louise
 29657 | Depths:1 | Found Kettuig's Distillery.
 29657 | Depths:1 | Found Ygiuz's Distillery.
 29658 | Depths:1 | Found Vyzef's Distillery.
 29668 | Depths:1 | Reached XP level 19. HP: 133/180 MP: 28/28
 29687 | Depths:1 | Found Erippoycw's General Store.
 29848 | Depths:1 | Bought a potion of heal wounds for 95 gold pieces
 29853 | Depths:1 | Bought a potion of heal wounds for 105 gold pieces
 29853 | Depths:1 | Bought a potion of heal wounds for 105 gold pieces
 29857 | Depths:1 | Bought a potion of heal wounds for 85 gold pieces
 29857 | Depths:1 | Bought a potion of heal wounds for 85 gold pieces
 29915 | Depths:1 | Found a gateway to Hell.
 30055 | Depths:1 | Reached skill level 19 in Axes
 30078 | Depths:1 | Identified the +8 ice dragon scales "Jegi" {rElec rF- rC++
                  | Dex+4} (You found it on level 1 of the Depths)
 30271 | Depths:1 | Reached skill level 1 in Spellcasting
 30789 | Depths:2 | Found a one-way gate leading to the halls of Pandemonium.
 31173 | Depths:2 | Paralysed by a great orb of eyes for 6 turns
 31504 | Depths:2 | Paralysed by a great orb of eyes for 4 turns
 31910 | Depths:3 | Reached skill level 20 in Axes
 32093 | Depths:3 | Reached XP level 20. HP: 146/189 MP: 30/30
 32175 | Depths:3 | Found a large runed translucent door.
 32180 | Depths:3 | Found a large runed translucent door.
 32180 | Depths:3 | Found a large runed translucent door.
 32181 | Depths:3 | Found a large runed translucent door.
 32390 | Depths:3 | Found a gateway to a ziggurat.
 32449 | Depths:3 | Paralysed by a great orb of eyes for 4 turns
 32476 | Depths:3 | Found a large runed translucent door.
 32507 | Depths:3 | Noticed a lich
 32514 | Depths:3 | Gained mutation: You occasionally shout uncontrollably at
                  | your foes. [a cacodemon]
 32524 | Depths:3 | Killed a lich
 32617 | Depths:3 | Found a large runed translucent door.
 32620 | Depths:3 | Found a large runed translucent door.
 32621 | Depths:3 | Found a large runed translucent door.
 33200 | Depths:4 | Reached skill level 10 in Necromancy
 33289 | Depths:4 | Found Joiledat's Jewellery Emporium.
 33290 | Depths:4 | Found Bybov's Gadget Boutique.
 33291 | Depths:4 | Found Onatut's Jewellery Emporium.
 33342 | Depths:4 | Identified the +10 demon trident of Exoneration {venom,
                  | rC+}
 33392 | Depths:4 | Paralysed by a great orb of eyes for 5 turns
 33398 | Depths:4 | Demolished by a spriggan berserker

Illustrated notes

Levels and vault maps discovered:
D:1:      wander_arrival_peaceful_grave, layout_loops_ring, minmay_ruptured
D:2:      layout_basic, gammafunk_temple_overflow_statue, uniq_terence,
          uniq_crazy_yiuf_cottage
D:3:      layout_loops_cross, lemuel_crystal_altar, nzn_hepliaklqana_mist_gate,
          marbit_many_paths, minmay_misc_feat_plants, uniq_ijyb
D:4:      layout_cave_pods, lemuel_doored_altar, lemuel_coloured_pillars_altar,
          minmay_temple_entry_mini_moons
D:5:      layout_basic, general_overflow_altar, led_sif_book,
          nicolae_gozag_cash_rules_everything_around_me,
          brannock_xom_greatest_gift
D:6:      layout_cave_pools, uniq_grinder
D:7:      layout_gridville, lemuel_round_altar, tso_altar,
          hangedman_decor_peaks_small
D:8:      layout_cave_pods, minmay_misc_feat_columns, uniq_prince_ribbit1,
          uniq_grum
D:9:      lemuel_troll_bridge, layout_basic
D:10:     minmay_bloctagon, layout_long_grid
D:11:     minmay_the_grid_square_5x5_3x3
          [minmay_the_grid_square_5x5_two_walls_b,
          minmay_the_grid_square_5x5_bridge, minmay_the_grid_square_5x5_mess,
          minmay_the_grid_square_5x5_spiral_small,
          minmay_the_grid_square_5x5_megaprize_open,
          minmay_the_grid_square_5x5_minimal,
          minmay_the_grid_square_5x5_three_small,
          minmay_the_grid_square_5x5_eight, minmay_the_grid_square_5x5_fat_x],
          layout_basic, serial_shops, shop, kennysheep_doodads
D:12:     layout_irregular_city, zombieorc1_lemuel, gauntlet_entry_generic,
          enter_bailey_6
D:13:     layout_long_grid, erik_vaults_1
D:14:     layout_loops_cross, enter_trove_5, uniq_rupert
D:15:     grunt_enter_depths_hoard, layout_basic, serial_shops, shop_statue
Temple:   jpeg_temple_alley_garden
Lair:1:   layout_long_grid, gammafunk_ghost_abyssal_escape, disabler_island
Lair:2:   layout_hall_layers, infiniplex_staircase_pool_2,
          minmay_lair_oklob_chamber
Lair:3:   layout_loops_ring, elwin_shoals_entry_rooms,
          spider_nest_entry_funnel_web, special_room [special_room_bee],
          serial_bayou_shore_b, lemuel_fruit_tree, uniq_urug, uniq_snorg
Lair:4:   layout_cave_pods, portal_ice_cave_entry_imps,
          infiniplex_staircase_pool, serial_bayou_shore_a
Lair:5:   layout_hall_layers, gammafunk_ghost_abyssal_escape,
          grunt_megastairs_5, uniq_nessos
Lair:6:   minmay_lair_end_frog_pond, layout_regular_city,
          dpeg_slime_entry_corner
Spider:1: layout_spider_delve, uniq_donald, uniq_kirke, uniq_jorgrun
Spider:2: layout_spider_delve
Spider:3: layout_spider_delve, ebering_ghost_disaster_area,
          guppyfry_hornet_nest, nicolae_spider_cling_ruins
Spider:4: spider_rune_water, hangedman_spider_tarantella_strand, uniq_mara,
          uniq_aizul
Orc:1:    layout_caves, uniq_erica, uniq_erolcha
Orc:2:    st_orc_town, layout_diamond_mine, gammafunk_ghost_wrathful_warriors,
          uniq_maurice
Depths:1: layout_cave_pools, pf_coc_iceberg, grunt_decor_junction,
          nicolae_abyss_entry_one_way_or_another, minmay_multi_spiral,
          minmay_shoptagon
Depths:2: minmay_bubble_buster, layout_cave_pools, hell_entry,
          minmay_misc_feat_iff, pan_entry, kennysheep_generic_room_5,
          infiniplex_staircase_zigzag_2, serial_bayou_shore_b
Depths:3: minmay_five_octagons, layout_cave_pools, enter_ziggurat_e, pan_entry,
          hell_entry
Depths:4: kennysheep_demon_jail, layout_gridlike, kennysheep_boxes,
          lightli_too_deep, abyss_entry_small_statue_room, minmay_holes,
          minmay_shop_grove

Skill      XL: |  1  2  3  4  5  6  7  8  9 10 11 12 13 14 15 16 17 18 19 20 |
---------------+-------------------------------------------------------------+-----
Axes           | 3 4 6 8 9 10 11 12 14 15 16 17 18 20 | 20.2
Fighting       | 4 5 6 7 9 10 11 13 14 15 16 17 18 | 18.5
Armour         | 4 6 8 10 11 12 13 14 | 14.7
Shields        | 4 6 8 10 11 12 | 12.5
Evocations     | 1 4 |  4.2
Dodging        | 1 3 6 7 8 9 |  9.3
Invocations    | 2 8 11 13 15 16 18 19 | 19.7
Necromancy     | 5 12 | 12.2
Spellcasting   | 4 |  4.8

Action                   |  1- 3 |  4- 6 |  7- 9 | 10-12 | 13-15 | 16-18 | 19-21 || total
-------------------------+-------+-------+-------+-------+-------+-------+-------++-------
Melee: War axe           |   113 |   113 |   176 |   618 |    33 |       |       ||  1053
       Unarmed           |       |    13 |       |       |       |       |       ||    13
       Broad axe         |       |       |       |       |   523 |   618 |   530 ||  1671
       Demon whip        |       |       |       |       |     8 |       |       ||     8
       Hand axe          |       |       |       |       |   239 |   333 |       ||   572
Throw: Javelin           |       |       |       |       |       |       |     2 ||     2
Invok: Slouch            |       |       |       |       |     1 |     6 |     2 ||     9
 Abil: Blink             |       |       |     2 |     2 |       |    13 |       ||    17
Evoke: Wand              |       |       |     4 |     7 |    21 |    27 |     1 ||    60
       Condenser vane    |       |       |       |       |     1 |       |     1 ||     2
  Use: Scroll            |     6 |    10 |     6 |     9 |    15 |     9 |     8 ||    63
       Potion            |       |     1 |     3 |     5 |     3 |     1 |       ||    13
 Stab: Confused          |       |       |       |       |     6 |       |       ||     6
       Distracted        |       |       |       |       |       |     1 |       ||     1
Armor: Scale mail        |    56 |    35 |    61 |   147 |   220 |   220 |    97 ||   836
       Skin              |       |     1 |       |       |       |       |       ||     1
Dodge: Dodged            |    38 |    33 |    56 |   160 |   379 |   581 |   291 ||  1538
       Repelled          |       |       |       |       |       |     2 |     9 ||    11
Block: Kite shield       |    80 |    46 |    92 |   308 |   594 |   905 |   423 ||  2448
